TOP OF THE 1ST |
Portland Privateers batting - Pitching for Cape Cod Clams : LHP Tom Miller
|
Pitching: LHP Tom Miller
|
|
Batting: RHB Luis Pineda
|
0-0: Ground out U3 (Groundball, 3S)
|
Batting: LHB Dillon Beck
|
0-0: Swinging Strike 0-1: Fly out, F6 (Popup, 5D)
|
Batting: RHB Carlos Castro
|
0-0: Ball 1-0: Ball 2-0: Called Strike 2-1: Swinging Strike 2-2: Ball 3-2: Foul Ball, location: 2F 3-2: Strikes out swinging
|
Top of the 1st over - 0 run(s), 0 hit(s), 0 error(s), 0 left on base; Portland 0 - Cape Cod 0 |
BOTTOM OF THE 1ST |
Cape Cod Clams batting - Pitching for Portland Privateers : RHP Jim McClure
|
Pitching: RHP Jim McClure
|
|
Batting: SHB Edgardo Osorio
|
0-0: Swinging Strike 0-1: Called Strike 0-2: SINGLE (Line Drive, 89S)
|
Batting: RHB Justin Schultz
|
0-0: Called Strike 0-1: Ball Edgardo Osorio is caught stealing 2nd base 1-1: Called Strike 1-2: Foul Ball, location: 2F 1-2: Ball 2-2: Ground out U3 (Groundball, 3S)
|
Batting: LHB Willie Wallace
|
0-0: Ball 1-0: Swinging Strike 1-1: Foul Ball, location: 2F 1-2: SOLO HOME RUN (Flyball, 9D), Distance : 393 ft
|
Batting: SHB Rob Grun
|
0-0: SOLO HOME RUN (Flyball, 89XD), Distance : 425 ft
|
Batting: RHB Ángel Garza
|
0-0: Ball 1-0: DOUBLE (Line Drive, 7LM)
|
Batting: RHB Yasuhiro Kobayashi
|
0-0: Called Strike 0-1: Ball 1-1: Ball 2-1: Ball 3-1: Foul Ball, location: 2F 3-2: Base on Balls
|
Batting: SHB Andrés Díaz
|
0-0: Ball 1-0: Ball 2-0: Foul Ball, location: 2F 2-1: Ball 3-1: Foul Ball, location: 2F 3-2: Base on Balls Ángel Garza to third Yasuhiro Kobayashi to second
|
Batting: RHB António Ramos
|
0-0: Ball 1-0: Called Strike 1-1: Ball 2-1: Ball 3-1: Foul Ball, location: 2F 3-2: Base on Balls Ángel Garza scores Yasuhiro Kobayashi to third Andrés Díaz to second
|
Batting: RHB Ramón Morales
|
0-0: Swinging Strike 0-1: Ball 1-1: Ball 2-1: Swinging Strike 2-2: Fly out, F5 (Popup, 56S)
|
Bottom of the 1st over - 3 run(s), 4 hit(s), 0 error(s), 3 left on base; Portland 0 - Cape Cod 3 |
TOP OF THE 2ND |
Portland Privateers batting - Pitching for Cape Cod Clams : LHP Tom Miller
|
Batting: SHB Patrick Larson
|
0-0: Ball 1-0: Ball 2-0: Foul Ball, location: 2F 2-1: Foul Ball, location: 2F 2-2: Fly out, F3 (Popup, 3SF)
|
Batting: RHB Troy Lau
|
0-0: Fly out, F8 (Flyball, 89M)
|
Batting: LHB Juan Acotia
|
0-0: Foul Ball, location: 2F 0-1: Ball 1-1: Swinging Strike 1-2: Foul Ball, location: 2F 1-2: Foul Ball, location: 2F 1-2: Strikes out swinging
|
Top of the 2nd over - 0 run(s), 0 hit(s), 0 error(s), 0 left on base; Portland 0 - Cape Cod 3 |
BOTTOM OF THE 2ND |
Cape Cod Clams batting - Pitching for Portland Privateers : RHP Jim McClure
|
Batting: SHB Edgardo Osorio
|
0-0: Ball 1-0: Ball 2-0: Ball 3-0: Foul Ball, location: 2F 3-1: SINGLE (Groundball, 34D)
|
Batting: RHB Justin Schultz
|
0-0: Called Strike 0-1: Grounds into double play, U6-3 (Groundball, 6M)
|
Batting: LHB Willie Wallace
|
0-0: Ball 1-0: Ball 2-0: Ball 3-0: Base on Balls
|
Batting: SHB Rob Grun
|
0-0: Ball 1-0: Called Strike 1-1: Swinging Strike 1-2: Foul Ball, location: 2F 1-2: Ball 2-2: Foul Ball, location: 2F 2-2: Ball 3-2: Base on Balls Willie Wallace to second
|
Batting: RHB Ángel Garza
|
0-0: Ball 1-0: Ball 2-0: Ground out 1-3 (Groundball, 13S)
|
Bottom of the 2nd over - 0 run(s), 1 hit(s), 0 error(s), 2 left on base; Portland 0 - Cape Cod 3 |
TOP OF THE 3RD |
Portland Privateers batting - Pitching for Cape Cod Clams : LHP Tom Miller
|
Batting: RHB Luther Stoffels
|
0-0: SINGLE (Flyball, 9LS)
|
Batting: LHB Yasuhiko Onodera
|
0-0: Ball 1-0: Ball 2-0: Called Strike 2-1: Called Strike 2-2: Strikes out looking
|
Batting: RHB Júlio Vélez
|
0-0: Ball 1-0: Ball 2-0: Foul Ball, location: 2F 2-1: Ball 3-1: Foul Ball, location: 2F 3-2: Fly out, F9 (Flyball, 9S) 3-2: Fly out, F9 (Flyball, 9S)
|
Batting: RHB Luis Pineda
|
0-0: Called Strike 0-1: Ball 1-1: Ball Wild Pitch! Luther Stoffels to second 2-1: Foul Ball, location: 2F 2-2: Ball 3-2: Foul Ball, location: 2F 3-2: Foul Ball, location: 2F 3-2: Strikes out looking
|
Top of the 3rd over - 0 run(s), 1 hit(s), 0 error(s), 1 left on base; Portland 0 - Cape Cod 3 |
BOTTOM OF THE 3RD |
Cape Cod Clams batting - Pitching for Portland Privateers : RHP Jim McClure
|
Batting: RHB Yasuhiro Kobayashi
|
0-0: Ball 1-0: Ball 2-0: Ball 3-0: Base on Balls
|
Pitching: RHP Héctor Negrón
|
|
Batting: SHB Andrés Díaz
|
0-0: Ball 1-0: Ball 2-0: Grounds into double play, 4-6-3 (Groundball, 4)
|
Batting: RHB António Ramos
|
0-0: Called Strike 0-1: Ball 1-1: Fly out, F9 (Line Drive, 89M)
|
Bottom of the 3rd over - 0 run(s), 0 hit(s), 0 error(s), 0 left on base; Portland 0 - Cape Cod 3 |
TOP OF THE 4TH |
Portland Privateers batting - Pitching for Cape Cod Clams : LHP Tom Miller
|
Batting: LHB Dillon Beck
|
0-0: Foul Ball, location: 2F 0-1: Ball 1-1: Ground out 6-3 (Groundball, 6M)
|
Batting: RHB Carlos Castro
|
0-0: Called Strike 0-1: Ball 1-1: Swinging Strike 1-2: Foul Ball, location: 2F 1-2: Strikes out looking
|
Batting: SHB Patrick Larson
|
0-0: Called Strike 0-1: Ball 1-1: Reached on error, E6 (Groundball, 6)
|
Batting: RHB Troy Lau
|
0-0: Called Strike 0-1: Foul Ball, location: 2F 0-2: Ball 1-2: Strikes out swinging
|
Top of the 4th over - 0 run(s), 0 hit(s), 1 error(s), 1 left on base; Portland 0 - Cape Cod 3 |
BOTTOM OF THE 4TH |
Cape Cod Clams batting - Pitching for Portland Privateers : RHP Héctor Negrón
|
Batting: RHB Ramón Morales
|
0-0: Called Strike 0-1: Foul Ball, location: 2F 0-2: Foul Ball, location: 2F 0-2: Strikes out swinging
|
Batting: SHB Edgardo Osorio
|
0-0: Called Strike 0-1: Foul Ball, location: 2F 0-2: Fly out, F7 (Flyball, 78M)
|
Batting: RHB Justin Schultz
|
0-0: Called Strike 0-1: Ball 1-1: SINGLE (Line Drive, 7S)
|
Batting: LHB Willie Wallace
|
0-0: Ball 1-0: Called Strike 1-1: Foul Ball, location: 2F 1-2: 2-RUN HOME RUN (Line Drive, 9LD), Distance : 359 ft
|
Batting: SHB Rob Grun
|
0-0: SINGLE (Line Drive, 78M)
|
Batting: RHB Ángel Garza
|
0-0: Swinging Strike 0-1: Called Strike 0-2: Ball 1-2: Ball 2-2: Foul Ball, location: 2F 2-2: Strikes out looking
|
Bottom of the 4th over - 2 run(s), 3 hit(s), 0 error(s), 1 left on base; Portland 0 - Cape Cod 5 |
TOP OF THE 5TH |
Portland Privateers batting - Pitching for Cape Cod Clams : LHP Tom Miller
|
Batting: LHB Juan Acotia
|
0-0: Foul Ball, location: 2F 0-1: Ball 1-1: Swinging Strike 1-2: Ball 2-2: Foul Ball, location: 2F 2-2: SINGLE (Groundball, 6MD)
|
Batting: RHB Luther Stoffels
|
0-0: Called Strike 0-1: Ball Wild Pitch! Juan Acotia to second 1-1: Foul Ball, location: 2F 1-2: Fly out, F9 (Flyball, 9S)
|
Batting: LHB Yasuhiko Onodera
|
0-0: Ball 1-0: Foul Ball, location: 2F 1-1: Foul Ball, location: 2F 1-2: Ground out 4-3 (Groundball, 4) Juan Acotia to third
|
Batting: RHB Júlio Vélez
|
0-0: DOUBLE (Line Drive, 7LD) Juan Acotia scores
|
Batting: RHB Luis Pineda
|
0-0: Called Strike 0-1: Foul Ball, location: 2F 0-2: Foul Ball, location: 2F 0-2: Ball 1-2: Ball 2-2: Strikes out swinging
|
Top of the 5th over - 1 run(s), 2 hit(s), 0 error(s), 1 left on base; Portland 1 - Cape Cod 5 |
BOTTOM OF THE 5TH |
Cape Cod Clams batting - Pitching for Portland Privateers : RHP Héctor Negrón
|
Batting: RHB Yasuhiro Kobayashi
|
0-0: Ball 1-0: Ball 2-0: Called Strike 2-1: Fly out, F8 (Flyball, 8RM)
|
Batting: SHB Andrés Díaz
|
0-0: Ball 1-0: Called Strike 1-1: Ball 2-1: Ground out 1-3 (Groundball, 23)
|
Batting: RHB António Ramos
|
0-0: Ball 1-0: Ball 2-0: Ball 3-0: Base on Balls
|
Batting: RHB Ramón Morales
|
0-0: Ball 1-0: Fly out, F7 (Flyball, 7D)
|
Bottom of the 5th over - 0 run(s), 0 hit(s), 0 error(s), 1 left on base; Portland 1 - Cape Cod 5 |
TOP OF THE 6TH |
Portland Privateers batting - Pitching for Cape Cod Clams : LHP Tom Miller
|
Batting: LHB Dillon Beck
|
0-0: Called Strike 0-1: Ground out 1-3 (Groundball, 15)
|
Pitching: RHP Claudio Rivera
|
|
Batting: RHB Carlos Castro
|
0-0: Called Strike 0-1: Ball 1-1: SINGLE (Line Drive, 89S)
|
Batting: SHB Patrick Larson
|
0-0: Ball 1-0: Foul Ball, location: 2F 1-1: Swinging Strike 1-2: Ball 2-2: DOUBLE (Line Drive, 3) Carlos Castro to third
|
Batting: RHB Troy Lau
|
0-0: Foul Ball, location: 2F 0-1: Swinging Strike
|
|
|
|
0-2: Ball 1-2: Strikes out swinging
|
Batting: LHB Juan Acotia
|
0-0: Called Strike 0-1: Foul Ball, location: 2F 0-2: Foul Ball, location: 2F 0-2: Ball 1-2: Strikes out swinging
|
Top of the 6th over - 0 run(s), 2 hit(s), 0 error(s), 2 left on base; Portland 1 - Cape Cod 5 |
BOTTOM OF THE 6TH |
Cape Cod Clams batting - Pitching for Portland Privateers : RHP Héctor Negrón
|
Batting: SHB Edgardo Osorio
|
0-0: Ball 1-0: Ball 2-0: Called Strike 2-1: Called Strike 2-2: DOUBLE (Line Drive, 7LS)
|
Batting: RHB Justin Schultz
|
0-0: Ball 1-0: Foul Ball, location: 2F 1-1: Ball 2-1: Foul Ball, location: 2F 2-2: Ball 3-2: SINGLE (Line Drive, 56) Edgardo Osorio to third
|
Pitching: LHP Alfredo González
|
|
Batting: LHB Willie Wallace
|
0-0: Foul Ball, location: 2F Pickoff Throw to First - Out! 0-1: Foul Ball, location: 2F 0-2: Strikes out looking
|
Batting: SHB Rob Grun
|
0-0: Ball 1-0: Ball 2-0: Swinging Strike 2-1: Ball 3-1: Foul Ball, location: 2F 3-2: Strikes out swinging
|
Bottom of the 6th over - 0 run(s), 2 hit(s), 0 error(s), 1 left on base; Portland 1 - Cape Cod 5 |
TOP OF THE 7TH |
Portland Privateers batting - Pitching for Cape Cod Clams : RHP Claudio Rivera
|
Batting: RHB Luther Stoffels
|
0-0: Called Strike 0-1: Called Strike 0-2: Fly out, F6 (Popup, 6)
|
Batting: LHB Yasuhiko Onodera
|
0-0: Ball 1-0: Called Strike 1-1: Ball 2-1: Foul Ball, location: 2F 2-2: Foul Ball, location: 2F 2-2: Ball 3-2: SINGLE (Groundball, 34D)
|
Batting: RHB Júlio Vélez
|
0-0: Ball 1-0: Ball 2-0: Ball 3-0: Called Strike 3-1: Foul Ball, location: 2F 3-2: Base on Balls Yasuhiko Onodera to second
|
Pitching: RHP Mario González
|
|
Batting: RHB Luis Pineda
|
0-0: Ball 1-0: Ball 2-0: Ball 3-0: Called Strike 3-1: Called Strike 3-2: Base on Balls Yasuhiko Onodera to third Júlio Vélez to second
|
Pitching: RHP Grant Jackson
|
|
Batting: LHB Dillon Beck
|
0-0: Ball 1-0: Ball 2-0: Fly out, F5 (Popup, 5F)
|
Batting: RHB Carlos Castro
|
0-0: Ground out 4-3 (Groundball, 4)
|
Top of the 7th over - 0 run(s), 1 hit(s), 0 error(s), 3 left on base; Portland 1 - Cape Cod 5 |
BOTTOM OF THE 7TH |
Cape Cod Clams batting - Pitching for Portland Privateers : LHP Alfredo González
|
Batting: RHB Ángel Garza
|
0-0: Ball 1-0: Swinging Strike 1-1: Called Strike 1-2: Strikes out looking
|
Batting: RHB Yasuhiro Kobayashi
|
0-0: Called Strike 0-1: Foul Ball, location: 2F 0-2: Ground out 4-3 (Groundball, 4)
|
Batting: SHB Andrés Díaz
|
0-0: Called Strike 0-1: Swinging Strike 0-2: Strikes out looking
|
Bottom of the 7th over - 0 run(s), 0 hit(s), 0 error(s), 0 left on base; Portland 1 - Cape Cod 5 |
TOP OF THE 8TH |
Portland Privateers batting - Pitching for Cape Cod Clams : RHP Grant Jackson
|
Batting: SHB Patrick Larson
|
0-0: Called Strike 0-1: Ball 1-1: Ball 2-1: Ground out 4-3 (Groundball, 4)
|
Batting: RHB Troy Lau
|
0-0: Called Strike 0-1: SINGLE (Groundball, 6MD)
|
Batting: LHB Juan Acotia
|
0-0: Fielders Choice at 2nd, 3-6 (Groundball, 3)
|
Batting: RHB Luther Stoffels
|
0-0: Ball 1-0: Foul Ball, location: 2F 1-1: Ball 2-1: Ball 3-1: Base on Balls Juan Acotia to second
|
Pitching: RHP Juan Reyes
|
|
Batting: LHB Yasuhiko Onodera
|
0-0: Swinging Strike 0-1: Called Strike 0-2: Foul Ball, location: 2F 0-2: Ball 1-2: Strikes out looking
|
Top of the 8th over - 0 run(s), 1 hit(s), 0 error(s), 2 left on base; Portland 1 - Cape Cod 5 |
BOTTOM OF THE 8TH |
Cape Cod Clams batting - Pitching for Portland Privateers : LHP Alfredo González
|
Pitching: RHP Manabu Mizuno
|
|
Batting: RHB António Ramos
|
0-0: Called Strike 0-1: Foul Ball, location: 2F 0-2: Foul Ball, location: 2F 0-2: Foul Ball, location: 2F 0-2: Ball 1-2: Ball 2-2: Foul Ball, location: 2F 2-2: Fly out, F2 (Popup, 2LF)
|
Batting: RHB Ramón Morales
|
0-0: Ball 1-0: Called Strike 1-1: Hit by Pitch
|
Batting: SHB Edgardo Osorio
|
0-0: Called Strike Throwing error on steal attempt, E2 Ramón Morales to third 0-1: Ball 1-1: Ball 2-1: Foul Ball, location: 2F 2-2: Foul Ball, location: 2F 2-2: Ball 3-2: Foul Ball, location: 2F 3-2: Foul Ball, location: 2F 3-2: DOUBLE (Line Drive, 9LM) Ramón Morales scores
|
Batting: RHB Justin Schultz
|
0-0: Swinging Strike 0-1: Ball 1-1: Ball 2-1: Ball 3-1: Fly out, F3 (Popup, 3F)
|
Batting: LHB Willie Wallace
|
0-0: Called Strike 0-1: Foul Ball, location: 2F 0-2: Strikes out swinging
|
Bottom of the 8th over - 1 run(s), 1 hit(s), 1 error(s), 1 left on base; Portland 1 - Cape Cod 6 |
TOP OF THE 9TH |
Portland Privateers batting - Pitching for Cape Cod Clams : RHP Juan Reyes
|
Now at 1B: Marcos Castillo
|
|
Now at SS: Armando Vega
|
|
Batting: RHB Júlio Vélez
|
0-0: Ball 1-0: Swinging Strike 1-1: Ball 2-1: Ball 3-1: Swinging Strike 3-2: Foul Ball, location: 2F 3-2: Foul Ball, location: 2F 3-2: Base on Balls
|
Batting: RHB Luis Pineda
|
0-0: Ball 1-0: Called Strike 1-1: Called Strike 1-2: Ball 2-2: Ball 3-2: Base on Balls Júlio Vélez to second
|
Batting: LHB Dillon Beck
|
0-0: Fly out, F3 (Popup, 3SF)
|
Batting: RHB Carlos Castro
|
0-0: Called Strike 0-1: Called Strike 0-2: Ball 1-2: Ball 2-2: Ball 3-2: Base on Balls Júlio Vélez to third Luis Pineda to second
|
Pitching: RHP Patrick Doyle
|
|
Batting: SHB Patrick Larson
|
0-0: Called Strike 0-1: Swinging Strike 0-2: Grounds into double play, 6-4-3 (Groundball, 6M)
|
Top of the 9th over - 0 run(s), 0 hit(s), 0 error(s), 2 left on base; Portland 1 - Cape Cod 6 |
|
Monday, December 5th, 2016 - OOTP Baseball 17.12 Build 75
|
|